 Dungeon Crawl Stone Soup version 0.28-a0-178-ga708605c5b (webtiles) character file.

Game seed: 13115623912681321448

3187 omnomnOMINOUS the Ducker (level 9, -3/85 HPs)
             Began as an Octopode Wanderer on Aug 17, 2021.
             Was an Elder of Hepliaklqana.
             Killed from afar by a gargoyle (25 damage)
             ... with a stone arrow
             ... on level 7 of the Dungeon.
             The game lasted 00:37:28 (8832 turns).

omnomnOMINOUS the Ducker (Octopode Wanderer)        Turns: 8832, Time: 00:37:28

Health: -3/85      AC: 28    Str:  9    XL:     9   Next: 95%
Magic:  6/16       EV:  2    Int: 20    God:    Hepliaklqana [****..]
Gold:   1203       SH:  0    Dex: 17    Spells: 11/18 levels left

rFire   . . .      SeeInvis .   b - +0 trident
rCold   . . .      Faith    .   (no shield)
rNeg    + + +      Spirit   .   (helmet currently unavailable)
rPois   +          Reflect  .   (no amulet)
rElec   .          Harm     .   r - +6 ring of dexterity
rCorr   .          Rampage  .   y - ring of positive energy
Will    .....      NoTele   +   F - +4 ring of protection
Stlth   ++........              C - ring of positive energy
HPRegen 0.24/turn               (no ring)
MPRegen 0.15/turn               (no ring)
                                (no ring)
                                (no ring)

@: tree-form
A: stationary, stasis, torment immunity, boosted hp, reduced essence, almost no
armour, (amphibious), 8 rings, (camouflage 1), (gelatinous body 1), (nimble
swimmer 1), (tentacles)
a: Renounce Religion, Recall Ancestor, Ancestor Identity, Transference, Idealise


You were on level 7 of the Dungeon.
You worshipped Hepliaklqana.
Hepliaklqana was greatly pleased with you.
You were a tree.
You visited 2 branches of the dungeon, and saw 8 of its levels.
You also visited: Bailey.

You collected 1203 gold pieces.

Inventory:

Hand Weapons
 a - a +3 hand axe
 b - a +0 trident (weapon)
 c - a +2 short sword of protection
Missiles
 j - a curare-tipped dart (quivered)
 n - 35 poisoned darts
Magical Staves
 h - a staff of cold
Jewellery
 r - a +6 ring of dexterity (left branch)
 y - a ring of positive energy (right branch)
 C - a ring of positive energy (on tentacle)
 F - a +4 ring of protection (on tentacle)
 G - a ring of ice
Wands
 B - a wand of flame (41)
Scrolls
 d - a scroll of enchant weapon {unknown}
 e - 2 scrolls of amnesia
 i - a scroll of fear
 m - a scroll of blinking {unknown}
 o - a scroll of holy word {unknown}
 t - a scroll of torment {unknown}
 w - a scroll of vulnerability {unknown}
 x - 2 scrolls of teleportation
 D - a scroll of enchant armour {unknown}
 H - a scroll of magic mapping {unknown}
 I - a scroll of fog {unknown}
Potions
 f - 4 potions of attraction
 g - 3 potions of curing
 l - 4 potions of cancellation
 p - a potion of brilliance
 q - 2 potions of heal wounds
 s - 2 potions of invisibility
 u - a potion of might {unknown}
 v - a potion of resistance {unknown}
 z - a potion of haste {unknown}
 A - a potion of magic {unknown}
 E - a potion of ambrosia {unknown}
Miscellaneous
 J - a phial of floods (inert)


   Skills:
 + Level 7.5 Fighting
 - Level 2.0 Throwing
 + Level 7.6 Dodging
 - Level 5.0 Spellcasting
 * Level 6.8 Conjurations
 - Level 5.0 Fire Magic


You had 11 spell levels left.
You knew the following spells:

 Your Spells              Type           Power      Damage    Failure   Level
a - Foxfire               Conj/Fire      100%       2x1d9     1%          1
b - Conjure Flame         Conj/Fire      28%        6-21      3%          3
c - Inner Flame           Hex/Fire       15%        N/A       12%         3

Your spell library contained the following spells:

 Spells                   Type           Power      Damage    Failure   Level
 Animate Skeleton         Necr           10%        N/A       12%         1
 Beastly Appendage        Tmut           10%        N/A       12%         1
 Pain                     Necr           20%        1d5       12%         1
 Gell's Gravitas          Tloc           2%         N/A       34%         3
 Lesser Beckoning         Tloc           2%         N/A       34%         3
 Portal Projectile        Hex/Tloc       10%        N/A       34%         3
 Spider Form              Tmut/Pois      2%         N/A       34%         3
 Teleport Other           Tloc           5%         N/A       34%         3
 Vampiric Draining        Necr           2%         2d6       34%         3
 Blade Hands              Tmut           2%         N/A       97%         5
 Excruciating Wounds      Necr           2%         N/A       97%         5


Dungeon Overview and Level Annotations

Branches:
Dungeon (7/15)             Temple (1/1) D:5          Bailey (visited)

Altars:
Ashenzari
Dithmenos
Elyvilon
Fedhas
Gozag
Hepliaklqana
Nemelex Xobeh
Okawaru
Qazlal
Ru
Sif Muna
Trog
Uskayaw
Vehumet
Wu Jian
Xom
Yredelemnul
Zin
The Shining One

Shops:
D:2 *:[   D:4 (

Annotations:
D:7 1 runed translucent door, exclusion: gargoyle, indyram44's ghost, novice MiGl


Innate Abilities, Weirdness & Mutations

You are a tree.
Your roots penetrate the ground, keeping you stationary.
You cannot be teleported.
You are immune to unholy pain and torment.
Your maximum health is greatly increased.
Your life essence is reduced to manifest your ancestor. (-10% HP)
You cannot wear most types of armour.
((You are amphibious.))
You can wear up to eight rings at the same time.
((Your skin changes colour to match your surroundings (Stealth+).))
((Your rubbery body absorbs attacks. (AC +1, EV +1)))
((You are camouflaged near water. (Stealth+)))
((You have tentacles for arms and can constrict up to eight enemies at once.))


Message History

Unknown command.
Unknown command.
Really quaff the potion of lignification?
You turn into a tree.
Your roots penetrate the ground.
The gargoyle hits you but does no damage.
Unknown command.
Casting: Conjure Flame (mildly dangerous; 3% risk of failure)
Confirm with . or Enter, or press ? or * to list all spells.
The fire begins to smoulder!
The gargoyle hits you with a +0 mace!
* * * LOW HITPOINT WARNING * * *
Unknown command.
Casting: Conjure Flame (mildly dangerous; 3% risk of failure)
Confirm with . or Enter, or press ? or * to list all spells.
You conjure some foxfire!
The gargoyle hits you with a +0 mace.
* * * LOW HITPOINT WARNING * * *
You smother the flame.
Unknown command.
Unknown command.
Unknown command.
Unknown command.
You barely miss the gargoyle.
The gargoyle is heavily damaged.
The gargoyle hits you but does no damage.
Unknown command.
You barely miss the gargoyle.
The gargoyle is heavily damaged.
The gargoyle hits you but does no damage.
Unknown command.
Casting: Foxfire (safe; 1% risk of failure)
Confirm with . or Enter, or press ? or * to list all spells.
There is not enough space to conjure foxfire!
Unknown command.
You hit the gargoyle.
The gargoyle is heavily damaged.
The gargoyle hits you but does no damage. x2
You puncture the gargoyle!
The gargoyle is almost destroyed.
The gargoyle hurls a stone arrow at you.
The stone arrow hits you!!
You die...

..#.....##################.###.##
###.....# #...#..........
#.....###########...#..........
###.<#................'..........
....#..9......#####...#..........
###...#######...# #...#(.........
###.###9###$###.###...#..........
##..#8##+.'##)#..##...#..........
##.###'.....'###♣##...#..........
...#8#.......#8#9##...#..........
...##'................########.##
...##....8....)...#...# ####.##
...##'...........###### #......
...#8#.......#8#.# #.#....
##.###'.....'###.# #.#....
#..#8##'.'##.#..# #.#....
###.###8###8###.## #.#....


You could see a gargoyle.

Vanquished Creatures
  A two-headed ogre (D:7)
  A water moccasin (D:6)
  An orc warrior (Bailey)
  A centaur (D:4)
  A scorpion (D:6)
  A wyvern skeleton (D:6)
  A hound (D:5)
  2 jellies
  A bullfrog skeleton (D:6)
  An iguana (D:4)
  A killer bee zombie (D:7)
  Robin (D:2)
  2 adders
  A howler monkey skeleton (D:5)
  An ufetubus (D:6)
  2 worms
  4 dart slugs
  5 orcs
  6 bats
  4 endoplasms
  12 goblins
  12 hobgoblins
  2 jackals (D:5)
  4 quokkas
  10 ball pythons
  6 frilled lizards
  9 kobolds
  2 rats
95 creatures vanquished.

Vanquished Creatures (collateral kills)
  A gargoyle (D:7)
  Sigmund (D:5)
  A sky beast (D:6)
  Duvessa (D:6)
  2 orc warriors (Bailey)
  A centaur (D:7)
  4 ogres
  A phantom (D:4)
  A water moccasin zombie (D:6)
  2 scorpions
  Dowan (D:6)
  A bullfrog zombie (D:6)
  A jelly (D:6)
  An orc priest (D:7)
  An iguana (D:7)
  An orc wizard (D:7)
  A killer bee zombie (D:7)
  2 hound skeletons
  6 adders
  A gnoll (Bailey)
  2 shadow imps
  2 white imps (D:7)
  An ufetubus (D:4)
  A worm (D:2)
  2 orcs
  3 endoplasms
  2 giant cockroaches
  7 hobgoblins
  4 kobolds
  A quokka (D:2)
  3 ball pythons
  A bat (D:3)
  5 goblins
65 creatures vanquished.

Vanquished Creatures (others)
  9 battlemagi
  2 ancestors
  80 foxfires
91 creatures vanquished.

Grand Total: 251 creatures vanquished

Notes
Turn   | Place    | Note
-------+----------+-------------------------------------------
     0 | D:1      | omnomnOMINOUS the Octopode Wanderer began the quest for the
                  | Orb.
     0 | D:1      | omnomnOMINOUS set off with the following items: a +2
                  | dagger, 2 curare-tipped darts; and the following spells
                  | available to memorise: Animate Skeleton, Beastly Appendage,
                  | Spider Form, Vampiric Draining
     0 | D:1      | Reached XP level 1. HP: 11/11 MP: 4/4
   349 | D:1      | Reached XP level 2. HP: 15/18 MP: 6/6
   462 | D:1      | Reached skill level 1 in Dodging
   583 | D:1      | Reached skill level 1 in Fighting
   969 | D:1      | Reached XP level 3. HP: 23/23 MP: 7/7
  1176 | D:1      | Found a faded altar of an unknown god.
  1186 | D:1      | Became a worshipper of Hepliaklqana the Forgotten
  1186 | D:1      | Reached * piety under Hepliaklqana
  1715 | D:2      | Found Ygiow's Armour Shop.
  1715 | D:2      | Found Ehumeh's Book Shop.
  1716 | D:2      | Noticed Robin
  2444 | D:2      | Killed Robin
  2445 | D:2      | Reached XP level 4. HP: 4/26 MP: 9/9
  2754 | D:2      | Found Ottioz's Assorted Antiques.
  3409 | D:2      | Found a shimmering blue altar of Sif Muna.
  3413 | D:2      | Reached ** piety under Hepliaklqana
  3414 | D:2      | Remembered your ancestor omcestor as a battlemage
  3687 | D:3      | Reached XP level 5. HP: 31/31 MP: 10/10
  4460 | D:4      | Found Guppainulo's Weapon Shop.
  4477 | D:4      | Noticed an ogre
  4481 | D:4      | Noticed a phantom
  4490 | D:4      | Killed an ogre
  4491 | D:4      | Reached XP level 6. HP: 37/37 MP: 11/11
  4530 | D:4      | Reached *** piety under Hepliaklqana
  5007 | D:4      | Found a shimmering blue altar of Sif Muna.
  5148 | D:4      | Reached XP level 7. HP: 23/43 MP: 13/13
  5437 | D:5      | Entered Level 5 of the Dungeon
  5494 | D:5      | Noticed Sigmund
  5629 | D:5      | Found a staircase to the Ecumenical Temple.
  5636 | Temple   | Entered the Ecumenical Temple
  6392 | D:5      | Killed Sigmund
  6393 | D:5      | Reached skill level 5 in Fighting
  6393 | D:5      | Reached skill level 5 in Dodging
  6393 | D:5      | Reached XP level 8. HP: 49/49 MP: 14/14
  6525 | D:7      | Reached **** piety under Hepliaklqana
  6532 | D:7      | Learned a level 1 spell: Foxfire
  6536 | D:7      | Learned a level 3 spell: Conjure Flame
  6694 | D:7      | Noticed a gargoyle
  6718 | D:7      | Reached skill level 1 in Conjurations
  6748 | D:7      | Found a runed translucent door.
  6748 | D:7      | Noticed indyram44's ghost (novice MiGl)
  6975 | D:7      | Found a flagged portal.
  6991 | Bailey   | Entered a bailey
  7091 | Bailey   | Reached skill level 5 in Spellcasting
  7211 | Bailey   | Found a burning altar of Makhleb.
  7262 | D:7      | Noticed a two-headed ogre
  7445 | D:7      | Noticed a gargoyle
  7758 | D:6      | Noticed Dowan
  7763 | D:6      | Noticed Duvessa
  7767 | D:6      | Killed Dowan
  7967 | D:6      | Killed Duvessa
  7968 | D:6      | Reached XP level 9. HP: 56/56 MP: 16/16
  7974 | D:6      | Learned a level 3 spell: Inner Flame
  8335 | D:6      | Reached skill level 5 in Conjurations
  8604 | D:7      | Killed a two-headed ogre
  8762 | D:7      | Noticed a gargoyle
  8771 | D:7      | Killed a gargoyle
  8805 | D:7      | Noticed a gargoyle
  8832 | D:7      | Killed from afar by a gargoyle

Illustrated notes

Levels and vault maps discovered:
D:1:      minmay_arrival_checkered_box, layout_loops_corners,
          hellmonk_ecumenical_altar_zigzags
D:2:      layout_rooms, basic_altar, serial_shops, nicolae_shop_crystal,
          nicolae_shop_statue_plus, shop_fountains, uniq_robin
D:3:      cheibrodos_greedy_goblins, layout_rooms, nrook_mini_backslash
D:4:      layout_layer_cave, mainiacjoe_overflow_24_doors, serial_shops,
          nicolae_stop_n_shop_2
D:5:      minmay_angry_zag, layout_rooms, minmay_temple_entry_gardened_gates,
          uniq_sigmund
D:6:      layout_basic, serial_park_tiny_2, uniq_duvessa
D:7:      cheibrodos_statue_roulette, layout_basic, enter_bailey_3,
          gammafunk_ghost_grave
Temple:   dpeg_five_rooms_temple

Skill      XL: |  1  2  3  4  5  6  7  8  9 |
---------------+----------------------------+-----
Dodging        | 1 2 3 4 5 6 7 |  7.6
Fighting       | 1 2 3 4 5 6 7 |  7.5
Spellcasting   | 4 5 |  5.0
Conjurations   | 3 6 |  6.8
Throwing       | |  2.0
Fire Magic     | |  5.0

Action                   |  1- 3 |  4- 6 |  7- 9 || total
-------------------------+-------+-------+-------++-------
Melee: Dagger            |    92 |    66 |       ||   158
       Constrict         |    23 |    29 |    10 ||    62
       Tentacles         |    10 |    18 |    11 ||    39
       Trident           |       |    10 |    74 ||    84
       Hand axe          |       |       |     1 ||     1
Throw: Dart              |       |     2 |     1 ||     3
 Cast: Foxfire           |       |       |    53 ||    53
       Conjure Flame     |       |       |     2 ||     2
Invok: Ancestor Identity |     1 |       |       ||     1
       Ancestor Life: Ba |       |     1 |       ||     1
       Recall Ancestor   |       |     1 |       ||     1
Evoke: Phial of floods   |       |       |     1 ||     1
  Use: Scroll            |       |       |    11 ||    11
       Potion            |       |       |     1 ||     1
 Stab: Sleeping          |    11 |     9 |     2 ||    22
       Distracted        |     1 |       |     1 ||     2
Armor: Skin              |    11 |     1 |    17 ||    29
Dodge: Dodged            |    62 |    36 |    78 ||   176

Table legend: (Time is in decaauts)
 A = Elapsed time spent in this place.
 B = Non-inter-level travel time spent in this place.
 C = Inter-level travel time spent in this place.
 D = Time resting spent in this place.
 E = Time spent auto-exploring this place.
 F = Levels seen in this place.
 G = Mean time per level.
                   A        B        C        D        E       F      G
               +--------+--------+--------+--------+--------+-----+--------+
         Total |   8867 |   8634 |    233 |   2692 |   4207 |   9 |  985.2 |
       Dungeon |   8318 |   8115 |    203 |   2620 |   3890 |   7 | 1188.3 |
        Temple |    289 |    259 |     30 |      0 |    258 |   1 |  289.0 |
        Bailey |    259 |    259 |      0 |     72 |     59 |   1 |  259.0 |
               +--------+--------+--------+--------+--------+-----+--------+

Top non-repeatable levels by time:
     D:1: 2566 daAuts
     D:5: 1141 daAuts
     D:4: 1117 daAuts
     D:2: 1067 daAuts
     D:7: 963 daAuts
     D:6: 767 daAuts
     D:3: 694 daAuts
  Temple: 289 daAuts
  Bailey: 259 daAuts
